 Dungeon Crawl Stone Soup version 0.21-a0-70-g32e1473 (webtiles) character file.

766 Gorglomux the Cleaver (level 7, -3/60 HPs)
             Began as a Gnoll Warper on June 18, 2017.
             Was an Initiate of Wu Jian.
             Slain by a bullfrog (4 damage)
             ... on level 6 of the Dungeon.
             The game lasted 00:08:42 (5122 turns).

Gorglomux the Cleaver (Gnoll Warper)                Turns: 5122, Time: 00:08:43

Health: -3/60      AC:  5    Str: 10    XL:     7   Next: 82%
Magic:  11/11      EV: 12    Int: 13    God:    Wu Jian [......]
Gold:   178        SH:  0    Dex: 16    Spells: 8/13 levels left

rFire    + . .     SeeInvis .   U - +0 war axe
rCold    + . .     Gourm    .   (no shield)
rNeg     . . .     Faith    .   I - +0 ring mail
rPois    +         Spirit   .   (no helmet)
rElec    +         Reflect  .   (no cloak)
rCorr    +         Harm     .   (no gloves)
MR       .....                  (no boots)
Stlth    ..........             (no amulet)
HPRegen  0.20/turn              x - ring of stealth
MPRegen  0.12/turn              X - ring of loudness (curse)

@: confused, resistant, hasted, very quick
A: short attention span, fangs 1, agile 1, low mp 1, weak 1, wild magic 1,
strong nose
a: Renounce Religion


You were on level 6 of the Dungeon.
You worshipped Wu Jian.
Wu Jian was noncommittal.
You were not hungry.

You visited 1 branch of the dungeon, and saw 6 of its levels.

You collected 178 gold pieces.

Inventory:

Hand Weapons
 a - a +0 hand axe
 U - a +0 war axe (weapon)
Missiles
 e - 5 tomahawks of dispersal (quivered)
 W - 2 tomahawks
 Z - a throwing net
Armour
 b - a +0 leather armour
 I - a +0 ring mail (worn)
Jewellery
 x - a ring of stealth (left hand)
 X - a cursed ring of loudness (right hand)
 Y - the ring of Eruy {+Inv rF+ Str+3, unknown}
   (You found it on level 4 of the Dungeon)

   [ring of protection from fire]

   It affects your strength (+3).
   It protects you from fire.
   It lets you turn invisible.
Scrolls
 B - 3 scrolls of blinking
 E - 5 scrolls of identify {unknown}
 F - 5 scrolls of enchant armour {unknown}
 J - a scroll of remove curse {unknown}
 P - 3 scrolls of teleportation {unknown}
 Q - a scroll of fog {unknown}
 R - 2 scrolls of fear {unknown}
 S - a scroll of amnesia {unknown}
Potions
 K - a potion of flight
 T - a potion of resistance
Books
 c - a book of Spatial Translocations

   Spells                             Type                      Level
   a - Blink                          Translocation                2
   b - Shroud of Golubria             Charms/Translocation         2
   c - Lesser Beckoning               Translocation                3
   d - Gell's Gravitas                Translocation                3
   e - Teleport Other                 Translocation                3
   f - Passage of Golubria            Translocation                4
Comestibles
 f - 4 bread rations
 z - 2 meat rations
 L - 5 chunks of flesh
 M - 6 fruits
 V - a royal jelly


   Skills:
 + Level 7.3 Fighting
 - Level 9.0 Axes
 - Level 1.7 Throwing
 - Level 1.7 Armour
 - Level 3.2 Dodging
 - Level 3.6 Spellcasting
 - Level 4.8 Translocations


You had 8 spell levels left.
You knew the following spells:

 Your Spells              Type           Power        Failure   Level  Hunger
a - Teleport Other        Tloc           ###.....     30%         3    ###....
h - Shroud of Golubria    Chrm/Tloc      ##........   38%         2    ##.....


Dungeon Overview and Level Annotations

Branches:
Dungeon (6/15)             Temple (0/1) D:5

Altars:
Cheibriados
Hepliaklqana
Kikubaaqudgha
Makhleb
Nemelex Xobeh
Okawaru
Ru
Wu Jian
Yredelemnul

Shops:
D:5 [

Annotations:
D:2 exclusion: door


Innate Abilities, Weirdness & Mutations

You have a short attention span.
You have very sharp teeth.
Your uncanny sense of smell can sniff out nearby items.
You are agile. (Dex +2)
Your magical capacity is low. (-10% MP)
You are weak. (Str -2)
Your spells are a little harder to cast, but a little more powerful.


Message History

Beogh smites you!
* * * LOW HITPOINT WARNING * * *
The bullfrog closely misses you.
It was a potion of resistance.
You feel protected.
The bullfrog hits you but does no damage.
The orc hits you but does no damage. The orc wizard barely misses you.
The orc priest barely misses you.
The bullfrog hits you but does no damage.
It was a potion of magic.
Magic courses through your body. The orc wizard closely misses you.
The orc hits you but does no damage.
The orc priest mumbles some strange prayers to Beogh against you.
You barely resist. The bullfrog hits you.
* * * LOW HITPOINT WARNING * * *
You feel yourself speed up. The bullfrog hits you.
* * * LOW HITPOINT WARNING * * *
The orc wizard hits you but does no damage.
The orc priest looks encouraged for a moment.
The bullfrog hits you.
You die...

#......#
.#(.......##......
...........#.....
#........... ...#
...:.......# #..#
...........# #.#
...........# #.#
.#....oo..# #.########
......o@.#####.....<..#
.#....Fo....>...#####.#
.......#######.## #
.###### #.# #.# ∆ #.#
#.# #.# .#


You could see a bullfrog, an orc priest, an orc wizard and 2 orcs.

Vanquished Creatures
  Sigmund (D:3)
  2 ogres (D:5)
  2 howler monkeys (D:4)
  A crimson imp (D:5)
  4 worker ants
  2 orc wizards
  5 adders
  3 oozes
  A worm (D:5)
  3 dart slugs
  3 leopard geckos
  15 orcs
  7 bats
  5 giant cockroaches
  2 hobgoblins
  11 jackals
  10 kobolds
  3 quokkas
  A ball python (D:1)
  8 frilled lizards
  10 goblins
  A quokka skeleton (D:5)
  6 rats
106 creatures vanquished.

Vanquished Creatures (others)
  3 fungi (D:2)
  12 toadstools (D:2)
15 creatures vanquished.

Grand Total: 121 creatures vanquished

Notes
Turn   | Place    | Note
-------+----------+-------------------------------------------
     0 | D:1      | Gorglomux the Gnoll Warper began the quest for the Orb.
     0 | D:1      | Reached XP level 1. HP: 18/18 MP: 5/5
   109 | D:1      | Reached skill level 4 in Axes
   291 | D:1      | Reached XP level 2. HP: 23/24 MP: 6/6
   634 | D:1      | Reached skill level 5 in Axes
   740 | D:1      | Reached XP level 3. HP: 29/29 MP: 8/8
  1094 | D:2      | Reached skill level 6 in Axes
  1279 | D:2      | Reached XP level 4. HP: 26/35 MP: 9/9
  1828 | D:3      | Noticed Sigmund
  1878 | D:2      | Learned a level 3 spell: Teleport Other
  1881 | D:2      | Learned a level 2 spell: Shroud of Golubria
  1953 | D:3      | Reached skill level 7 in Axes
  2421 | D:3      | Gained mutation: Your magical capacity is low. (-10% MP) [potion of mutation]
  2421 | D:3      | Gained mutation: You are agile. (Dex +2) [potion of mutation]
  2421 | D:3      | Gained mutation: You are weak. (Str -2) [potion of mutation]
  2421 | D:3      | Gained mutation: Your spells are a little harder to cast, but a little more powerful. [potion of mutation]
  2433 | D:3      | Killed Sigmund
  2433 | D:3      | Reached skill level 8 in Axes
  2433 | D:3      | Reached XP level 5. HP: 36/41 MP: 4/9
  2433 | D:3      | Reached XP level 6. HP: 41/47 MP: 4/10
  2526 | D:3      | Found a hazy altar of Hepliaklqana.
  2527 | D:3      | Found a sparkling altar of Nemelex Xobeh.
  2627 | D:3      | Found a sacrificial altar of Ru.
  3073 | D:4      | Found an iron altar of Okawaru.
  3120 | D:4      | Got a shimmering iron ring
  3258 | D:4      | Found an ancient bone altar of Kikubaaqudgha.
  3656 | D:4      | Reached skill level 9 in Axes
  3656 | D:4      | Reached XP level 7. HP: 49/52 MP: 11/11
  3773 | D:5      | Entered Level 5 of the Dungeon
  4059 | D:5      | Found a snail-covered altar of Cheibriados.
  4063 | D:5      | Found Heoppeam's Antique Armour Shop.
  4096 | D:5      | Found an ornate altar of the Wu Jian Council.
  4185 | D:5      | Became a worshipper of the Wu Jian Council
  4431 | D:5      | Found a staircase to the Ecumenical Temple.
  4450 | D:5      | Found a basalt altar of Yredelemnul.
  4596 | D:5      | Reached skill level 6 in Fighting
  5059 | D:5      | Found a burning altar of Makhleb.
  5121 | D:6      | HP: 2/60 [bullfrog (5)]
  5122 | D:6      | Slain by a bullfrog

Vault maps used:
D:1:      dpeg_arrival_rooms_b
D:2:      cheibrodos_fertilizer
D:3:      marbit_many_paths, nicolae_overflow_hidden_temple, serial_glass,
          glass_columns_b, glass_columns_a, first_bread, grunt_decor_fettered,
          uniq_sigmund
D:4:      kennysheep_little_box, okawaru_trees_2
D:5:      nicolae_overflow_crystal_walls, lemuel_round_altar,
          overflow_temple_1_default, makhleb_blood_cavern_becter, serial_shops,
          shop_fountains
D:6:      xom_teletrap_fun, cheibrodos_sewer_entry_bend, basic_altar

Skill      XL: |  1  2  3  4  5  6  7 |
---------------+----------------------+-----
Axes           | 4 5 6 8 9 |  9.0
Fighting       | 7 |  7.3
Throwing       | |  1.7
Armour         | |  1.7
Dodging        | |  3.2
Spellcasting   | |  3.6
Translocations | |  4.8

Action                   |  1- 3 |  4- 6 |  7- 9 || total
-------------------------+-------+-------+-------++-------
Melee: Hand axe          |   124 |    70 |       ||   194
       Bite              |     6 |     7 |     7 ||    20
       War axe           |       |    61 |   114 ||   175
 Cast: Teleport Other    |       |     8 |     2 ||    10
       Shroud of Golubri |       |       |     1 ||     1
  Use: Potion            |       |     6 |     4 ||    10
 Stab: Sleeping          |       |     5 |       ||     5
  Eat: Chunk             |     1 |     9 |     5 ||    15
Armor: Leather armour    |     9 |       |       ||     9
       Ring mail         |    36 |    28 |    25 ||    89
Dodge: Dodged            |    87 |    64 |    70 ||   221
